 Dungeon Crawl Stone Soup version 0.28-a0-1032-ga8db75c868 (webtiles) character file.

Game seed: 7724364714205730092

1615 GregHouse the Chopper (level 8, -3/70 HPs)
             Began as a Hill Orc Monk on Dec 7, 2021.
             Was a Believer of Beogh.
             Slain by Joseph (7 damage)
             ... on level 7 of the Dungeon.
             The game lasted 00:30:35 (8471 turns).

GregHouse the Chopper (Hill Orc Monk)               Turns: 8471, Time: 00:30:36

Health: -3/70      AC: 10    Str: 16    XL:     8   Next: 96%
Magic:  8/8        EV: 12    Int: 10    God:    Beogh [**....]
Gold:   146        SH:  0    Dex: 13    Spells: 7/7 levels left

rFire   . . .      SeeInvis .   c - +2 battleaxe (vamp)
rCold   . . .      Faith    +   (shield currently unavailable)
rNeg    . . .      Spirit   .   q - +0 ring mail
rPois   .          Reflect  .   k - +2 helmet
rElec   .          Harm     .   (no cloak)
rCorr   .          Rampage  .   w - +0 pair of gloves
Will    +....                   (no boots)
Stlth   +.........              o - amulet of faith
HPRegen 0.21/turn               e - ring of willpower
MPRegen 0.11/turn               (no ring)

@: no status effects
A: no striking features
a: Renounce Religion, Smiting


You were on level 7 of the Dungeon.
You worshipped Beogh.
Beogh was pleased with you.
You visited 1 branch of the dungeon, and saw 8 of its levels.

You collected 306 gold pieces.
You spent 160 gold pieces at shops.

Inventory:

Hand Weapons
 c - a +2 vampiric battleaxe (weapon)
 j - a +6 dagger of draining
 p - a +0 war axe
 x - a +2 vampiric dagger
Armour
 f - a +1 leather armour
 k - a +2 helmet (worn)
 q - a +0 ring mail (worn)
 w - a +0 pair of gloves (worn)
Magical Staves
 r - a staff of poison
Jewellery
 e - a ring of willpower (left hand)
 o - an amulet of faith (around neck)
 y - a ring of wizardry
Wands
 l - a wand of flame (6)
 n - a wand of iceblast (7)
Scrolls
 a - a scroll of blinking
 b - 3 scrolls of teleportation
 d - 2 scrolls of torment
 h - 2 scrolls of identify
 v - 2 scrolls of fear {unknown}
Potions
 g - 3 potions of brilliance
 m - 2 potions of attraction
 s - a potion of might
 t - 3 potions of curing
 u - 2 potions of degeneration
 z - a potion of flight {unknown}
 A - 2 potions of lignification {unknown}


   Skills:
 + Level 6.1 Fighting
 + Level 5.0 Short Blades
 + Level 6.6 Axes
 + Level 5.8 Armour
 + Level 3.9 Dodging
 + Level 2.8 Stealth
 + Level 2.5 Shields


You had 7 spell levels left.
You didn't know any spells.
Your spell library contained the following spells:

 Spells                   Type           Power      Damage    Failure   Level
 Animate Skeleton         Necr           0%         N/A       54%         1
 Apportation              Tloc           0%         N/A       54%         1
 Pain                     Necr           0%         1d4       54%         1
 Slow                     Hex            0%         N/A       54%         1
 Summon Small Mammal      Summ           0%         N/A       54%         1
 Call Canine Familiar     Summ           0%         N/A       89%         3
 Confusing Touch          Hex            0%         N/A       89%         3
 Gell's Gravitas          Tloc           0%         N/A       89%         3
 Lesser Beckoning         Tloc           0%         N/A       89%         3
 Portal Projectile        Hex/Tloc       0%         N/A       89%         3
 Teleport Other           Tloc           0%         N/A       89%         3
 Vampiric Draining        Necr           0%         2d6       89%         3
 Leda's Liquefaction      Hex/Erth       0%         N/A       100%        4
 Yara's Violent Unravell  Hex/Tmut       0%         3d3       100%        5


Dungeon Overview and Level Annotations

Branches:
Dungeon (8/15)             Temple (0/1) D:7
   Lair: D:8-11

Altars:
Elyvilon
Hepliaklqana
Okawaru
Wu Jian
Yredelemnul

Shops:
D:2 :*!   D:5 (

Annotations:
D:3 1 runed translucent door, Crazy Yiuf
D:4 2 transporters, paps's ghost, novice OpDe
D:5 Eustachio
D:7 Joseph


Message History

Joseph is severely wounded.
Joseph hits you with a +0 quarterstaff! Joseph hits you with a +0 quarterstaff.
You closely miss Joseph.
Joseph is heavily wounded.
Joseph hits you with a +0 quarterstaff!
You barely miss Joseph.
Joseph is heavily wounded.
Joseph hits you with a +0 quarterstaff.
You barely miss Joseph.
Joseph is heavily wounded.
Joseph hits you with a +0 quarterstaff!!
Joseph hits you with a +0 quarterstaff.
You closely miss Joseph.
Joseph is heavily wounded.
Joseph closely misses you.
You feel much better. Joseph hits you with a +0 quarterstaff!
You slice Joseph!!
You feel better.
Joseph is almost dead.
Joseph hits you with a +0 quarterstaff. Joseph hits you with a +0 quarterstaff!
You barely miss Joseph.
Joseph is almost dead.
Joseph hits you with a +0 quarterstaff.
You hit Joseph.
You feel better.
Joseph is almost dead.
Joseph hits you with a +0 quarterstaff!
* * * LOW HITPOINT WARNING * * *
You closely miss Joseph.
Joseph is almost dead.
Joseph hits you with a +0 quarterstaff.
* * * LOW HITPOINT WARNING * * *
Joseph hits you with a +0 quarterstaff!
* * * LOW HITPOINT WARNING * * *
Okay, then.
You hit Joseph but do no damage.
Joseph is almost dead.
Joseph misses you.
You barely miss Joseph.
Joseph is almost dead.
Joseph hits you with a +0 quarterstaff!
You die...

.#...####....#..............
##..## ##...#..............
#### ##.................
###...............
#..###.........#
##........#.. #.........#.
##..@........ #....@....#
..... ##....!....###......
.#..........#........
........##..........#
......#.#............
##....#............#.
#.......###..#......
##..........).......
##..#.<..)†#.#.....


You could see Joseph.

Vanquished Creatures
  An orc warrior (D:6)
  2 sky beasts
  An ice beast (D:6)
  A black bear (D:6)
  A centaur (D:5)
  2 phantoms
  A kobold brigand (D:7)
  2 bullfrogs (D:7)
  2 scorpions
  A water moccasin skeleton (D:5)
  A centaur zombie (D:7)
  A bullfrog skeleton (D:5)
  A jelly (D:5)
  2 orc priests (D:6)
  2 centaur skeletons (D:4)
  2 iguanas
  An orc wizard (D:6)
  A hound skeleton (D:4)
  Robin (D:3)
  4 gnolls
  12 adders
  2 worms
  2 dart slugs (D:1)
  17 orcs
  4 ball pythons
  2 bats
  4 endoplasms
  2 giant cockroaches (D:3)
  13 goblins
  11 hobgoblins
  3 jackals (D:1)
  2 quokkas
  A frilled lizard (D:3)
  11 kobolds
  4 rats
120 creatures vanquished.

Vanquished Creatures (others)
  An adder (D:4)
  2 orcs (D:4)
  An endoplasm (D:4)
  A hobgoblin (D:4)
5 creatures vanquished.

Grand Total: 125 creatures vanquished

Notes
Turn   | Place    | Note
-------+----------+-------------------------------------------
     0 | D:1      | GregHouse the Hill Orc Monk began the quest for the Orb.
     0 | D:1      | Reached XP level 1. HP: 19/19 MP: 1/1
    96 | D:1      | Reached XP level 2. HP: 26/27 MP: 2/2
   494 | D:2      | Found Dois Taso's Assorted Antiques.
   592 | D:2      | Reached XP level 3. HP: 15/33 MP: 3/3
   919 | D:2      | Found Osayck's Book Boutique.
  1272 | D:3      | Found a glowing drain.
  1311 | D:2      | Found a faded altar of an unknown god.
  1340 | D:1      | Reached skill level 5 in Axes
  1749 | D:1      | Reached XP level 4. HP: 37/40 MP: 4/4
  2006 | D:2      | Found Uzuomici's Distillery.
  2148 | D:2      | Reached skill level 1 in Armour
  2509 | D:2      | Bought a potion of heal wounds for 50 gold pieces
  2643 | D:3      | Noticed Robin
  2863 | D:3      | Killed Robin
  3164 | D:3      | Reached XP level 5. HP: 39/45 MP: 5/5
  3288 | D:3      | Found a runed translucent door.
  3289 | D:3      | Noticed Crazy Yiuf
  4044 | D:3      | Found an ornate altar of the Wu Jian Council.
  4045 | D:3      | Found a hazy altar of Hepliaklqana.
  4354 | D:4      | Reached skill level 1 in Short Blades
  4354 | D:4      | Reached XP level 6. HP: 44/53 MP: 6/6
  4623 | D:4      | Noticed paps's ghost (novice OpDe)
  4624 | D:4      | Found a transporter.
  4635 | D:4      | Became a worshipper of Beogh the Brigand
  4635 | D:4      | Reached * piety under Beogh
  4635 | D:4      | Reached ** piety under Beogh
  4648 | D:4      | Found a transporter.
  4682 | D:4      | Found an iron altar of Okawaru.
  4816 | D:5      | Entered Level 5 of the Dungeon
  5157 | D:2      | Bought a potion of might for 40 gold pieces
  5157 | D:2      | Bought a potion of curing for 30 gold pieces
  5157 | D:2      | Bought a potion of attraction for 30 gold pieces
  5157 | D:2      | Bought a potion of degeneration for 10 gold pieces
  5201 | D:4      | Identified a scroll of acquirement
  5201 | D:4      | Acquired a +2 vampiric battleaxe
  5254 | D:5      | Noticed a black bear
  5566 | D:6      | Noticed an orc warrior
  5586 | D:6      | Noticed a sky beast
  5603 | D:5      | Found Tabo's Weapon Boutique.
  5834 | D:5      | Reached skill level 5 in Fighting
  5834 | D:5      | Reached XP level 7. HP: 34/61 MP: 7/7
  6059 | D:5      | Reached skill level 1 in Shields
  6274 | D:5      | Found a white marble altar of Elyvilon.
  6537 | D:5      | Noticed Eustachio
  6704 | D:6      | Reached XP level 8. HP: 56/68 MP: 8/8
  7212 | D:6      | Reached skill level 5 in Armour
  7641 | D:7      | Found a basalt altar of Yredelemnul.
  7643 | D:7      | Noticed Joseph
  8162 | D:7      | Reached skill level 5 in Short Blades
  8416 | D:7      | Found a staircase to the Ecumenical Temple.
  8471 | D:7      | Slain by Joseph

Illustrated notes

Levels and vault maps discovered:
D:1:      dpeg_arrival_renting, layout_basic
D:2:      layout_basic, shapermc_ecumenical_altar_ellora, serial_shops, shop,
          nicolae_shop_behind_doors, shop_statue
D:3:      layout_basic, mainiacjoe_overflow_divided_tiny,
          cheibrodos_sewer_entry_drain, uniq_robin, uniq_crazy_yiuf_cottage
D:4:      layout_rooms, mainiacjoe_overflow_alcove_1, gammafunk_ghost_arena
D:5:      layout_gridville, nicolae_overflow_crystal_walls, serial_shops, shop,
          uniq_eustachio
D:6:      layout_basic
D:7:      layout_cave_pools, chequers_temple_overflow_statue_of_worship,
          mainiacjoe_overflow_catch_the_wave, minmay_temple_entry_sparse_star,
          kennysheep_generic_room_12, uniq_joseph
D:8:      layout_loops_ring, due_lair_maze_entry_diamond,
          minmay_misc_feat_tower, nzn_random_ring

Skill      XL: |  1  2  3  4  5  6  7  8 |
---------------+-------------------------+-----
Fighting       | 4 5 6 |  6.1
Axes           | 5 6 |  6.6
Armour         | 1 2 3 4 5 |  5.8
Stealth        | 2 |  2.8
Short Blades   | 1 2 3 5 |  5.0
Dodging        | 3 |  3.9
Shields        | 1 2 |  2.5

Action                   |  1- 3 |  4- 6 |  7- 9 || total
-------------------------+-------+-------+-------++-------
Melee: Hand axe          |    77 |    66 |       ||   143
       Dagger            |       |   117 |   126 ||   243
       Battleaxe         |       |       |    54 ||    54
Invok: Convert to Beogh  |       |     1 |       ||     1
  Use: Scroll            |       |     8 |       ||     8
       Potion            |       |       |     2 ||     2
 Stab: Sleeping          |     2 |     1 |       ||     3
Armor: Robe              |     6 |       |       ||     6
       Leather armour    |     8 |    48 |       ||    56
       Ring mail         |       |    15 |    75 ||    90
Dodge: Dodged            |    54 |   134 |    89 ||   277
Block: Buckler           |       |     6 |    20 ||    26

Table legend: (Time is in decaauts)
 A = Elapsed time spent in this place.
 B = Non-inter-level travel time spent in this place.
 C = Inter-level travel time spent in this place.
 D = Time resting spent in this place.
 E = Time spent auto-exploring this place.
 F = Levels seen in this place.
 G = Mean time per level.
                   A        B        C        D        E       F      G
               +--------+--------+--------+--------+--------+-----+--------+
         Total |   8501 |   7859 |    642 |   2610 |   2820 |   8 | 1062.6 |
       Dungeon |   8501 |   7859 |    642 |   2610 |   2820 |   8 | 1062.6 |
               +--------+--------+--------+--------+--------+-----+--------+

Top non-repeatable levels by time:
     D:2: 1764 daAuts
     D:3: 1567 daAuts
     D:6: 1563 daAuts
     D:5: 1370 daAuts
     D:1: 1099 daAuts
     D:4: 872 daAuts
     D:7: 258 daAuts
     D:8: 4 daAuts
